 Dungeon Crawl Stone Soup version 0.25-a0-403-g49d089a364 (webtiles) character file.

Game seed: 18378563182037658409, levelgen mode: deterministic

23 ChaosChampion the Magician (level 2, -2/20 HPs)
             Began as a Demonspawn Wizard on Jan 9, 2020.
             Slain by an adder (3 damage)
             ... on level 1 of the Dungeon.
             The game lasted 00:05:30 (1513 turns).

ChaosChampion the Magician (Demonspawn Wizard)      Turns: 1513, Time: 00:05:30

Health: -2/20      AC:  2    Str:  7    XL:     2   Next: 72%
Magic:  0/6        EV: 12    Int: 19    God:
Gold:   18         SH:  0    Dex: 11    Spells: 6/7 levels left

rFire    + . .     SeeInvis .   j - +0 short sword
rCold    . . .     Gourm    .   (no shield)
rNeg     . . .     Faith    .   a - +0 robe
rPois    .         Spirit   .   b - +0 hat
rElec    .         Reflect  .   (no cloak)
rCorr    .         Harm     .   (no gloves)
MR       .....                  (no boots)
Stlth    +++.......             (no amulet)
HPRegen  0.06/turn              i - ring of stealth
MPRegen  0.10/turn              (no ring)

@: lethally poisoned (-2 -> -9), very slightly contaminated
A: fire resistance 1
a: no special abilities


You were on level 1 of the Dungeon.
You were near starving.

You visited 1 branch of the dungeon, and saw 2 of its levels.

You collected 18 gold pieces.

Inventory:

Hand Weapons
 j - a +0 short sword (weapon)
Armour
 a - a +0 robe (worn)
 b - a +0 hat (worn)
Jewellery
 i - a ring of stealth (left hand)
Scrolls
 e - a scroll of fear {unknown}
 g - 2 scrolls of teleportation {unknown}
 k - a scroll of identify {unknown}
 l - a scroll of magic mapping {unknown}
Potions
 c - a potion of heal wounds {unknown}
 f - 2 potions of curing {unknown}
 h - a potion of berserk rage {unknown}
Comestibles
 d - 3 rations


   Skills:
 + Level 0.6 Fighting
 + Level 2.0 Dodging
 + Level 1.8 Stealth
 + Level 3.4 Spellcasting
 + Level 1.4 Conjurations
   Level 1.0 Summonings
   Level 0.8 Translocations


You had 6 spell levels left.
You knew the following spells:

 Your Spells              Type           Power        Failure   Level  Hunger
a - Magic Dart            Conj           #...         9%          1    None

Your spell library contained the following spells:

 Spells                   Type           Power        Failure   Level  Hunger
 Call Imp                 Summ           #.......     14%         2    ##.....
 Blink                    Tloc           N/A          16%         2    ##.....
 Slow                     Hex            #.......     22%         2    ##.....
 Conjure Flame            Conj/Fire      #.......     32%         3    ###....
 Mephitic Cloud           Conj/Pois/Air  #.......     34%         3    ###....


Dungeon Overview and Level Annotations

Branches:
Dungeon (2/15)

Altars:
Ru


Innate Abilities, Weirdness & Mutations

Your flesh is heat resistant. (rF+)


Message History

Casting: Magic Dart (safe; 9% risk of failure)
Confirm with . or Enter, or press ? or * to list all spells.
Aiming: Magic Dart (safe; 9% risk of failure)
Press: ? - help, Shift-Dir - straight line, f - adder
Aim: an adder (heavily wounded)
The magic dart hits the adder.
The adder is heavily wounded.
* * * LOW HITPOINT WARNING * * *
You feel sick. The adder closely misses you.
Casting: Magic Dart (safe; 9% risk of failure)
Confirm with . or Enter, or press ? or * to list all spells.
Aiming: Magic Dart (safe; 9% risk of failure)
Press: ? - help, Shift-Dir - straight line, f/p - adder
Aim: an adder (heavily wounded)
The magic dart hits the adder but does no damage.
The adder is heavily wounded.
The adder bites you.
* * * LOW HITPOINT WARNING * * *
The adder bites you.
You die...

#####.###...#.........#
#......#
.......#...#.##.......#
###.####
#######.##.#.###.....##
#.##..
##########...###....##
#.##.8
.....######........##
###...
######..#..)..##.###
##...8 # #..#.....##.#
##.....
######.....#..##S#
#.⌠.⌠.#
#..#.(.....#..##@#
###.....#
#..#.....#######.#
#####.'..8..#
#.....#..# #.#
#.....#.....#
......#..# #.#
#.#####.⌠.⌠.#
....######
#.####.######.....
.#(.#.#
#.##........##.(.8
(#..#.#
#.##.#.########...
#####.# #.##....#
#.##.8 .# #.# #.##....#
#.##..


You could see an adder.

Vanquished Creatures
  A dart slug (D:1)
  A leopard gecko (D:1)
  3 goblins (D:1)
  3 hobgoblins (D:1)
  4 bats (D:1)
  2 frilled lizards
  3 kobolds (D:1)
  3 rats (D:1)
20 creatures vanquished.

Notes
Turn   | Place    | Note
-------+----------+-------------------------------------------
     0 | D:1      | ChaosChampion the Demonspawn Wizard began the quest for the
                  | Orb.
     0 | D:1      | Reached XP level 1. HP: 13/13 MP: 4/4
   558 | D:1      | Gained mutation: Your flesh is heat resistant. (rF+)
                  | [demonic ancestry]
   558 | D:1      | Reached XP level 2. HP: 20/20 MP: 3/6
  1496 | D:2      | Found a sacrificial altar of Ru.
  1513 | D:1      | HP: 1/20 [adder (1)]
  1513 | D:1      | Slain by an adder

Levels and vault maps discovered:
D:1:      ncdulo_halloftheorcs, layout_loops_ring, hangedman_decor_push
D:2:      cheibrodos_helix_gallery, layout_basic, nicolae_ru_awakened_eye,
          first_ration, minmay_split_cup_small, uniq_jessica, uniq_sigmund

Skill      XL: |  1  2 |
---------------+-------+-----
Dodging        | 2 |  2.0
Fighting       | |  0.6
Stealth        | |  1.8
Spellcasting   | |  3.4
Conjurations   | |  1.4
Summonings     | |  1.0
Translocations | |  0.8

Action                   || total
-------------------------++-------
Melee: Unarmed           ||    31
       Short sword       ||     4
 Cast: Magic Dart        ||    59
Armor: Robe              ||    34
Dodge: Dodged            ||    82

Table legend:
 A = Non-vault XP
 B = Vault XP
 C = Vault XP percentage of total XP
 D = Non-vault monster count
 E = Vault monster count
 F = Vault count percentage of total count
                 A         B        C        D         E       F
            +---------+---------+-------+---------+---------+-------
      Total |      33 |       0 |   0.0 |      20 |       0 |   0.0
            +---------+---------+-------+---------+---------+-------
        D:1 |      32 |       0 |   0.0 |      19 |       0 |   0.0
        D:2 |       1 |       0 |   0.0 |       1 |       0 |   0.0
            +---------+---------+-------+---------+---------+-------
